 Dungeon Crawl Stone Soup version 0.27.1-3-gb3d3a73c9e (webtiles) character file.

Game seed: 3445111270022960434

229 Urokeeper the Slasher (level 5, -1/38 HPs)
             Began as a Demonspawn Gladiator on Oct 11, 2021.
             Was an Initiate of Gozag.
             Slain by an ogre (22 damage)
             ... on level 4 of the Dungeon.
             The game lasted 00:10:09 (3726 turns).

Urokeeper the Slasher (Demonspawn Gladiator)        Turns: 3726, Time: 00:10:11

Health: -1/38      AC:  6    Str: 20    XL:     5   Next: 71%
Magic:  5/5        EV: 12    Int: 10    God:    Gozag
Gold:   501        SH:  0    Dex: 15    Spells: 4/4 levels left

rFire    . . .     SeeInvis .   a - +0 long sword
rCold    . . .     Faith    .   (no shield)
rNeg     . . .     Spirit   .   b - +0 leather armour
rPois    .         Reflect  .   (helmet restricted)
rElec    .         Harm     .   g - +2 cloak
rCorr    .         Rampage  .   (no gloves)
Will     .....                  (no boots)
Stlth    +.........             (no amulet)
HPRegen  0.12/turn              s - +6 ring of strength
MPRegen  0.09/turn              (no ring)

@: no status effects
A: horns 2, demonic magic 1
a: Renounce Religion, Potion Petition, Call Merchant, Bribe Branch


You were on level 4 of the Dungeon.
You worshipped Gozag.
Gozag was pleased with you.
You visited 1 branch of the dungeon, and saw 5 of its levels.

You collected 513 gold pieces.
You paid 12 gold pieces to Gozag.

Inventory:

Hand Weapons
 a - a +0 long sword (weapon)
Armour
 b - a +0 leather armour (worn)
 c - a +0 helmet
 g - a +2 cloak (worn)
Jewellery
 s - a +6 ring of strength (left hand)
Wands
 d - a wand of polymorph (8)
Scrolls
 e - a scroll of fog {unknown}
 h - a scroll of torment {unknown}
 k - a scroll of blinking {unknown}
 l - a scroll of amnesia {unknown}
 o - a scroll of teleportation {unknown}
 q - a scroll of enchant weapon {unknown}
 t - a scroll of enchant armour {unknown}
Potions
 f - a potion of attraction {unknown}
 i - 2 potions of might {unknown}
 j - a potion of degeneration {unknown}
 m - a potion of heal wounds {unknown}
 n - a potion of berserk rage {unknown}
 p - 2 potions of flight {unknown}
 r - 2 potions of curing {unknown}


   Skills:
 - Level 2.1 Fighting
 + Level 5.6 Long Blades
 - Level 1.9 Throwing
 - Level 0.3 Armour
 - Level 3.0 Dodging


You had 4 spell levels left.
You didn't know any spells.
Your spell library contained the following spells:

 Spells                   Type           Power      Damage    Failure   Level
 Beastly Appendage        Tmut           0%         N/A       41%         1
 Foxfire                  Conj/Fire      0%         2x1d4     41%         1
 Wereblood                Tmut           0%         N/A       56%         2
 Conjure Flame            Conj/Fire      0%         6-21      80%         3
 Inner Flame              Hex/Fire       0%         N/A       80%         3
 Spider Form              Tmut/Pois      0%         N/A       80%         3


Dungeon Overview and Level Annotations

Branches:
Dungeon (5/15)
 Temple: D:4-7

Altars:
Elyvilon
Gozag
Sif Muna
The Shining One

Shops:
D:1 !

Annotations:
D:4 Menkaure
D:5 Duvessa


Innate Abilities, Weirdness & Mutations

You have a pair of horns on your head.
Spells you cast may paralyse adjacent enemies.


Message History

The ice beast hits you but does no damage.
You barely miss the ice beast.
The ice beast is almost dead.
The ice beast closely misses you. x2
You hit the ice beast.
The ice beast is almost dead.
The ice beast hits you. The ice beast freezes you.
You closely miss the ice beast. Your headbutt misses the ice beast.
The ice beast is almost dead.
The ice beast closely misses you.
You closely miss the ice beast.
You headbutt the ice beast, but do no damage.
The ice beast is almost dead.
The ice beast closely misses you.
You closely miss the ice beast.
The ice beast is almost dead.
The ice beast hits you. The ice beast freezes you.
You hit the ice beast.
You kill the ice beast!
Your Long Blades skill increases to level 5!
You start resting.
HP restored.
You now have 501 gold pieces (gained 20).
Menkaure shouts!
An ogre comes into view. It is wielding a +0 giant club.
The ogre shouts!
You hear an angry hiss. x2
The ogre closely misses you.
You riposte.
You hit the ogre but do no damage. You headbutt the ogre!
The ogre is moderately wounded.
An iguana comes into view.
You barely miss the ogre. You headbutt the ogre.
The ogre is moderately wounded.
The ogre hits you with a +0 giant club!
You hit the ogre but do no damage. You headbutt the ogre.
The ogre is heavily wounded.
A goblin comes into view. It is wielding a +0 club.
The ogre hits you with a +0 giant club!!
Ouch! That really hurt!
You die...
Your body crumbles into a pile of gold.

.......# ..#
........ ..
######.
#....M#######
.#...........#
#........####.#
#....###.#.##.#
.... #.#.##.#
... #@#.##.# ..
#O#<...# .
#.###### ...
#l. g..# ...#
...#


You could see an ogre, Menkaure, an iguana and a goblin (wandering).

Vanquished Creatures
  An ice beast (D:4)
  Ijyb (D:3)
  4 adders
  An adder skeleton (D:2)
  4 dart slugs
  A worm (D:2)
  An orc (D:4)
  6 ball pythons
  3 endoplasms
  3 giant cockroaches
  4 goblins
  6 hobgoblins
  4 jackals (D:1)
  5 kobolds
  4 quokkas (D:2)
  4 bats
  3 frilled lizards
  11 rats
66 creatures vanquished.

Notes
Turn   | Place    | Note
-------+----------+-------------------------------------------
     0 | D:1      | Urokeeper the Demonspawn Gladiator began the quest for the
                  | Orb.
     0 | D:1      | Reached XP level 1. HP: 16/16 MP: 1/1
    56 | D:1      | Found an opulent altar of Gozag.
    80 | D:1      | Became a worshipper of Gozag Ym Sagoz the Greedy
   207 | D:1      | Gained mutation: You have a pair of small horns on your
                  | head. [demonic ancestry]
   207 | D:1      | Reached XP level 2. HP: 11/22 MP: 2/2
   696 | D:1      | Found Yrchamum's Distillery.
   704 | D:1      | Reached skill level 3 in Long Blades
  1147 | D:1      | Gained mutation: Spells you cast may paralyse adjacent
                  | enemies. [demonic ancestry]
  1147 | D:1      | Reached XP level 3. HP: 22/27 MP: 3/3
  1516 | D:2      | Reached skill level 4 in Long Blades
  1663 | D:2      | Gained mutation: You have a pair of horns on your head.
                  | [demonic ancestry]
  1663 | D:2      | Reached XP level 4. HP: 33/33 MP: 4/4
  1995 | D:2      | Found a faded altar of an unknown god.
  2190 | D:3      | Found a shimmering blue altar of Sif Muna.
  2454 | D:3      | Noticed Ijyb
  2476 | D:3      | Killed Ijyb
  2787 | D:3      | Noticed an ice beast
  3108 | D:4      | Noticed Menkaure
  3134 | D:4      | Noticed Blork the orc
  3138 | D:4      | Noticed Blork
  3138 | D:4      | Blork the orc changed into Blork the adder
  3140 | D:4      | Killed Blork the adder
  3341 | D:5      | Entered Level 5 of the Dungeon
  3342 | D:5      | Noticed Duvessa
  3342 | D:5      | Noticed a scorpion
  3342 | D:5      | Noticed an ice beast
  3500 | D:4      | Reached XP level 5. HP: 38/38 MP: 5/5
  3504 | D:4      | Noticed an ice beast
  3519 | D:4      | Killed an ice beast
  3520 | D:4      | Reached skill level 5 in Long Blades
  3721 | D:4      | Noticed an ogre
  3726 | D:4      | Slain by an ogre

Illustrated notes

Levels and vault maps discovered:
D:1:      minmay_arrival_shattered_statue, layout_basic, serial_shops,
          nicolae_shop_crystal, chequers_avenue, minmay_hexomino_r4
D:2:      layout_loops_ring, dilly_ecumenical_altar_fadedgnrine, minmay_tall_x
D:3:      layout_loops_cross, mainiacjoe_overflow_brackets,
          nicolae_overflow_crystal_walls, old_standard_altar, uniq_ijyb
D:4:      layout_basic, uniq_blork_the_orc, uniq_menkaure
D:5:      layout_basic, trog_wizard, serial_shops, nicolae_shop_waterfront,
          uniq_sigmund, uniq_duvessa, uniq_prince_ribbit1, uniq_pikel

Skill      XL: |  1  2  3  4  5 |
---------------+----------------+-----
Dodging        | 3 |  3.0
Long Blades    | 3 4 5 |  5.6
Fighting       | |  2.1
Throwing       | |  1.9
Armour         | |  0.3

Action                   |  1- 3 |  4- 6 || total
-------------------------+-------+-------++-------
Melee: Long sword        |    96 |    87 ||   183
       Headbutt          |    14 |    15 ||    29
Throw: Throwing net      |     1 |     6 ||     7
Evoke: Wand              |       |     1 ||     1
 Stab: Distracted        |     1 |     1 ||     2
       Sleeping          |       |     2 ||     2
       Held in net/web   |       |     1 ||     1
Armor: Leather armour    |    36 |    24 ||    60
       Skin              |       |     8 ||     8
Dodge: Dodged            |    68 |    47 ||   115
       Rpst.: Long sword |    18 |    13 ||    31
